 Dungeon Crawl Stone Soup version 0.26-a0-971-g1d9d62bb61 (webtiles) character file.

Game seed: 13093278246198652081

223 snetch the Chopper (level 6, -1/56 HPs)
             Began as a Hill Orc Monk on Dec 4, 2020.
             Was a Believer of Beogh.
             Killed by nerve-wracking pain
             ... invoked by an orc priest
              (8 damage)
             ... on level 5 of the Dungeon.
             The game lasted 00:11:41 (4352 turns).

snetch the Chopper (Hill Orc Monk)                  Turns: 4352, Time: 00:11:42

Health: -1/56      AC:  2    Str: 16    XL:     6   Next: 0%
Magic:  6/6        EV: 13    Int: 10    God:    Beogh [**....]
Gold:   213        SH:  0    Dex: 13    Spells: 5/5 levels left

rFire    . . .     SeeInvis .   D - staff of air (curse)
rCold    . . .     Faith    .   (no shield)
rNeg     . . .     Spirit   .   b - +0 robe
rPois    +         Reflect  .   (no helmet)
rElec    +         Harm     .   (no cloak)
rCorr    .         Rampage  .   (no gloves)
MR       .....                  (no boots)
Stlth    ++........             (no amulet)
HPRegen  0.18/turn              h - +4 ring of protection
MPRegen  0.10/turn              l - ring of poison resistance

@: corroded
A: no striking features
a: Smiting, Renounce Religion


You were on level 5 of the Dungeon.
You worshipped Beogh.
Beogh was pleased with you.
You visited 1 branch of the dungeon, and saw 6 of its levels.

You collected 213 gold pieces.

Inventory:

Hand Weapons
 a - a +0 hand axe
 e - a +0 trident
 o - a +0 quarterstaff
 p - a +0 flail
 u - the +0 mace of the Vestibule of Hell {venom, +Fly rC+ rN+}
   (You found it on level 4 of the Dungeon)

   It poisons the flesh of those it strikes.
   It protects you from cold.
   It protects you from negative energy.
   It lets you fly.
 y - a +2 dagger of pain
 A - a +0 war axe
Missiles
 c - 132 stones (quivered)
 i - 23 arrows
 j - 38 sling bullets
 B - 12 bolts
Armour
 b - a +0 robe (worn)
 t - a +0 tower shield
Magical Staves
 D - a cursed staff of air (weapon)
Jewellery
 g - an uncursed ring of flight
 h - a +4 ring of protection (left hand)
 l - a ring of poison resistance (right hand)
Wands
 r - a wand of paralysis (7)
 w - a wand of iceblast (7)
Scrolls
 d - 3 scrolls of teleportation
 k - a scroll of amnesia
 n - a scroll of random uselessness
 v - a scroll of noise
 x - a scroll of enchant weapon
 z - a scroll of fog {unknown}
Potions
 f - 2 potions of berserk rage
 m - a potion of heal wounds
 q - a potion of invisibility
 s - a potion of curing


   Skills:
 + Level 5.0 Fighting
 + Level 5.7(5.9) Axes
 + Level 1.1(3.2) Maces & Flails
 + Level 3.3 Dodging
 + Level 2.3 Stealth
 + Level 0.3 Shields


You had 5 spell levels left.
You didn't know any spells.
Your spell library was empty.

Dungeon Overview and Level Annotations

Branches:
Dungeon (6/15)
 Temple: D:4-7

Altars:
Cheibriados
Elyvilon
Fedhas
Hepliaklqana
The Shining One

Annotations:
D:2 Sigmund


Message History

Beogh smites you!
Unknown command.
You hit the jelly. The acid corrodes you!
Your hands burn!
The jelly is heavily wounded.
The jelly misses you. The orc priest barely misses you.
The jelly closely misses you.
You hit the jelly but do no damage.
Your hands burn!
The jelly is heavily wounded.
The orc priest calls down the wrath of Beogh upon you.
Beogh smites you! The jelly misses you.
The orc priest mumbles some strange prayers to Beogh against you.
Beogh smites you!
* * * LOW HITPOINT WARNING * * *
You hit the jelly but do no damage.
Your hands burn!
* * * LOW HITPOINT WARNING * * *
The jelly is heavily wounded.
The orc priest invokes the aid of Beogh against you.
Pain shoots through your body!
You die...
Beogh appreciates the orc priest's killing of a heretic priest.

#.## #.#
#.# .# #.#
#.# #.# #.#
#.# #J# #@#
#o# #
#Z###.###
#o..Z...#
#####o#...#
# .


You could see a jelly, 2 orc priests and a bullfrog skeleton.

Vanquished Creatures
  2 orc wizards
  8 adders
  A shadow imp (D:5)
  2 worms
  2 dart slugs (D:1)
  4 orcs
  14 bats
  8 giant cockroaches
  4 hobgoblins
  8 kobolds
  4 quokkas
  2 ball pythons
  4 frilled lizards
  5 goblins
  A leopard gecko skeleton (D:4)
  9 rats
78 creatures vanquished.

Vanquished Creatures (others)
  2 plants (D:1)
2 creatures vanquished.

Grand Total: 80 creatures vanquished

Notes
Turn   | Place    | Note
-------+----------+-------------------------------------------
     0 | D:1      | snetch the Hill Orc Monk began the quest for the Orb.
     0 | D:1      | Reached XP level 1. HP: 19/19 MP: 1/1
   119 | D:1      | Reached XP level 2. HP: 19/27 MP: 2/2
   532 | D:2      | Noticed Sigmund
   643 | D:1      | Reached XP level 3. HP: 33/33 MP: 3/3
  1447 | D:2      | Reached XP level 4. HP: 30/40 MP: 4/4
  1483 | D:3      | Reached skill level 5 in Axes
  1864 | D:3      | Found a snail-covered altar of Cheibriados.
  2027 | D:4      | Got a bloodstained mace
  2050 | D:3      | Identified the +0 mace of the Vestibule of Hell {venom,
                  | +Fly rC+ rN+} (You found it on level 4 of the Dungeon)
  2114 | D:5      | Entered Level 5 of the Dungeon
  2197 | D:3      | Reached XP level 5. HP: 40/47 MP: 5/5
  2267 | D:3      | Found a white marble altar of Elyvilon.
  2483 | D:4      | Became a worshipper of Beogh the Brigand
  2483 | D:4      | Reached * piety under Beogh
  2483 | D:4      | Reached ** piety under Beogh
  3437 | D:4      | Found a glowing golden altar of the Shining One.
  3446 | D:4      | Found a hazy altar of Hepliaklqana.
  3898 | D:4      | Found a blossoming altar of Fedhas.
  4145 | D:6      | Reached skill level 5 in Fighting
  4145 | D:6      | Reached skill level 1 in Maces & Flails
  4145 | D:6      | Reached XP level 6. HP: 24/56 MP: 6/6
  4352 | D:5      | Killed from afar by an orc priest

Illustrated notes

Levels and vault maps discovered:
D:1:      lightli_molten_gateway, layout_loops_ring, serial_bayou_crossing
D:2:      minmay_alternating_diamond, layout_loops_cross, tgw_trog,
          skrybe_limestone_x, uniq_sigmund
D:3:      layout_rooms, lemuel_coloured_pillars_altar, cheibriados_altar_1
D:4:      mumra_celtic_spiral_tile, layout_cave_pods, old_standard_altar,
          amethyst_overflow_temple_binary
D:5:      layout_loops_ring, kennysheep_generic_room_7
D:6:      corexii_shantytown, layout_basic, nicolae_ru_awakened_eye,
          kennysheep_little_box, kennysheep_mini,
          minmay_temple_entry_from_below_a

Skill      XL: |  1  2  3  4  5 |
---------------+----------------+-----
Fighting       | 4 5 |  5.0
Axes           | 5 |  5.7
Stealth        | 2 |  2.3
Dodging        | 3 |  3.3
Maces & Flails | 1 |  1.1
Shields        | |  0.3

Action                   |  1- 3 |  4- 6 || total
-------------------------+-------+-------++-------
Melee: Hand axe          |   119 |    57 ||   176
       Mace              |       |    38 ||    38
       Staff             |       |    38 ||    38
       Whip              |       |    24 ||    24
Invok: Convert to Beogh  |       |     1 ||     1
 Abil: Evoke Flight      |     1 |       ||     1
  Use: Scroll            |       |    11 ||    11
       Potion            |       |     1 ||     1
 Stab: Sleeping          |     5 |     5 ||    10
Armor: Robe              |    44 |    54 ||    98
Dodge: Dodged            |   108 |    94 ||   202
Block: Tower shield      |       |    22 ||    22

Table legend: (Time is in decaauts)
 A = Elapsed time spent in this place.
 B = Non-inter-level travel time spent in this place.
 C = Inter-level travel time spent in this place.
 D = Time resting spent in this place.
 E = Time spent auto-exploring this place.
 F = Levels seen in this place.
 G = Mean time per level.
                   A        B        C        D        E       F      G
               +--------+--------+--------+--------+--------+-----+--------+
         Total |   4415 |   4187 |    228 |    420 |   2466 |   6 |  735.8 |
       Dungeon |   4415 |   4187 |    228 |    420 |   2466 |   6 |  735.8 |
               +--------+--------+--------+--------+--------+-----+--------+

Top non-repeatable levels by time:
     D:4: 1640 daAuts
     D:1: 1171 daAuts
     D:3: 894 daAuts
     D:2: 341 daAuts
     D:6: 259 daAuts
     D:5: 106 daAuts
